AoeStats
← Chaac1706

Arabia

509492537Analyzed
1v1 RM · 6d ago on Sep 27, 2026· 30m 56s· 2 players
Game mode
Random Map
Map size
Tiny (2 player)
Population
200
Speed
Normal
Resources
Standard
Victory
Conquest
Starting age
Dark Age
Ending age
Imperial Age
RankedLock teamsTeams togetherTeam positionsShared explorationLock speedFull tech treeHidden civsTurbo modeCheats
Victory
Defeat
🇨🇴 Muisca · Colombia
1112
+14
🇦🇷 Bulgarians · Argentina
1077
-14
Chaac1706
5:51 Loom
9:12 Feudal Age
9:28 Champi Runner
16:48 Double-Bit Axe
17:59 Padded Archer Armor
20:29 Wheelbarrow
21:28 Fletching
22:15 Horse Collar
26:38 Castle Age
26:37 Gold Mining
26:53 Crossbowman
27:30 Bodkin Arrow
28:04 Thumb Ring
28:54 Hand Cart
synclocox
10:01 Feudal Age
10:33 Arson
13:36 Loom
28:17 Castle Age
27:04 Double-Bit Axe
27:54 Scale Mail Armor
27:58 Padded Archer Armor
29:17 Light Cavalry
Connection lost

Rejoining the realm…

Still unreachable

The connection could not be restored.

Session expired

The server has moved on; the page needs a fresh start.